Cogmind - Beta 16 @@@ ROGUE MODE // 2025.10.22 @ 19:33:41 Player: Beans Result: Destroyed by as-51827 with Assembled Maul Performance ------------- Evolutions (0) 0 Regions Visited (2) 400 Robots Destroyed (5) 25 Value Destroyed (92) 92 Prototype IDs (0) 0 Alien Tech Used (0) 0 Bonus (0) 0 TOTAL SCORE: 517 Bonus ------- None Cogmind --------- Core Integrity 0/250 Matter 300/300 Energy 99/100 System Corruption 5% Temperature Cool (69) Movement Core (50) Location -10/Mines Parts ------- > --- POWER (1) -------- (None) > --- PROPULSION (2) --- (None) > --- UTILITY (2) ------ (None) > --- WEAPON (2) ------- (None) > --- INVENTORY (5) ---- Light Ion Engine Light Ion Engine Flight Unit Utility Shielding Weapon Shielding Peak State ------------ > --- POWER ------------ Light Ion Engine > --- PROPULSION ------- Aluminum Leg Carbon-fiber Leg > --- UTILITY ---------- Seismic Detector Targeting Computer > --- WEAPON ----------- Beam Cannon > --- INVENTORY -------- Light Ion Engine Light Ion Engine Flight Unit Utility Shielding Weapon Shielding [Rating: 8] Favorites ----------- Power Light Ion Engine Engine Light Ion Engine Propulsion Aluminum Leg Leg Aluminum Leg Flight Unit Flight Unit Utility Seismic Detector Device Seismic Detector Storage Small Storage Unit Processor Targeting Computer Protection Power Shielding Weapon Assault Rifle Energy Cannon Beam Cannon Ballistic Gun Assault Rifle Special Weapon Enhanced Flamer Build | -11 -10 -10 ------- Run | Yrd Mat Min Slots Evolved . | . . . Power . | . . . Propulsion . | . . . Utility . | . . . Weapon . | . . . Parts Attached 13 | 7 2 4 Power 1 | 1 . . Engine 1 | 1 . . Core . | . . . Reactor . | . . . Propulsion 4 | 2 1 1 Treads . | . . . Leg 3 | 2 . 1 Wheel . | . . . Hover . | . . . Flight 1 | . 1 . Utility 4 | 2 1 1 Device 1 | 1 . . Storage 1 | 1 . . Processor 1 | . . 1 Hackware . | . . . Protection 1 | . 1 . Artifact . | . . . Weapon 4 | 2 . 2 Energy Gun . | . . . Energy Cannon 1 | . . 1 Ballistic Gun 2 | 2 . . Ballistic Cannon . | . . . Launcher . | . . . Special Weapon 1 | . . 1 Impact Weapon . | . . . Slashing Weapon . | . . . Piercing Weapon . | . . . Special Melee Weapon . | . . . Unidentified Prototypes . | . . . Parts Lost 3 | . . 3 Power . | . . . Propulsion 1 | . . 1 Utility 1 | . . 1 Weapon 1 | . . 1 Highest Loss Streak 2 | . . 2 To Critical Strikes . | . . . Average Backups 3 | . 3 4 Power 1 | . 1 2 Propulsion . | . . 1 Utility 1 | . . 1 Weapon . | . . . Tool/Special . | . . . Unused Backups 4 | . . 4 Power 2 | . . 2 Propulsion . | . . . Utility 2 | . . 2 Weapon . | . . . Tool/Special . | . . . Average Slot Usage (%) 68 | . 73 64 Engine 13 | . 14 12 Leg 16 | . 14 17 Flight 4 | . 7 2 Device 13 | . 14 12 Storage 3 | . 7 . Processor 3 | . . 7 Energy Cannon 5 | . . 10 Ballistic Gun 7 | . 15 . Peak Build Rating 8 | 7 7 8 Average Rating 5 | 5 5 6 On Entrance 3 | . 7 3 Avg Prop Armor Cover (%) . | . . . Naked Turns 26 | . . 26 Heaviest Build 12 | 12 12 7 Greatest Support 25 | 20 20 25 Greatest Overweight (x) 2 | 1 . 2 Average Overweight (x) . | . . . Largest Inventory Capacity 8 | 8 8 5 Average Capacity 5 | 6 6 5 Most Carried 6 | 1 6 5 Average Carried 3 | . 3 4 Final Capacity 8 | 8 5 5 Final Carried 5 | 1 5 5 Class Distribution -------------------- 100% | Mutant Dominant Class ---------------- Mutant | -10/Materials Mutant | -10/Mines Resources | -11 -10 -10 ----------- Run | Yrd Mat Min Matter Collected 367 | 274 38 55 Remotely . | . . . Salvage Created 113 | 28 38 47 Parts 9 | 3 3 3 Haulers Intercepted . | . . . Recyclers Shooed . | . . . Parts Field Recycled . | . . . Retrieved Matter . | . . . Parts Self-Destructed . | . . . Prevented . | . . . Parts Restored . | . . . Kills | -11 -10 -10 ------- Run | Yrd Mat Min Combat Hostiles Destroyed 4 | . 3 1 Guns 3 | . 3 . Classes Destroyed 3 | 1 1 1 Tunneler 1 | 1 . . Swarmer 3 | . 3 . Sentry 1 | . . 1 Best Kill Streak 3 | 1 3 1 Combat Bots Only 3 | . 3 1 Max Kills in Single Turn 1 | 1 1 1 Gunslinging . | . . . Exploded . | . . . Melee . | . . . Uniques/NPCs Destroyed . | . . . Combat | -11 -10 -10 -------- Run | Yrd Mat Min Hostile Shots Fired 54 | . 13 41 Missed 13 | . 1 12 Hits 41 | . 12 29 Melee 10 | . . 10 Projectile 31 | . 12 19 Critical Strikes 2 | . . 2 Damage Taken 595 | . 98 497 Core 262 | . 32 230 Absorbed by Shields . | . . . Core Remaining (%) 100 | 100 . . Volleys Fired 14 | 1 7 6 Largest 2 | 2 2 1 Hottest 80 | 40 40 80 Shots Fired 22 | 2 14 6 Gun 16 | 2 14 . Cannon 4 | . . 4 Launcher . | . . . Special 2 | . . 2 Kinetic 16 | 2 14 . Thermal 6 | . . 6 Explosive . | . . . Electromagnetic . | . . . Robot Hit Streak 9 | 1 4 9 Robot Miss Streak 2 | . 2 . Penetration Max . | . . . Secondary Targets 1 | . 1 . Max Gunslinging Chain 1 | . 1 . Shots Hit Robots 16 | 1 9 6 Core Hits 6 | 1 4 1 Critical Kills 1 | 1 . . Critical Parts Destroyed . | . . . Critical Strikes 1 | 1 . . Destroy 1 | 1 . . Melee Attacks . | . . . Impact . | . . . Slashing . | . . . Piercing . | . . . Sneak Attacks . | . . . Combat Hostiles . | . . . Follow-up Attacks . | . . . Damage Inflicted 196 | 13 86 97 Guns 99 | 13 86 . Cannons 69 | . . 69 Explosions . | . . . Melee . | . . . Ramming 5 | . . 5 Kinetic 99 | 13 86 . Thermal 92 | . . 92 Explosive . | . . . Electromagnetic . | . . . Impact . | . . . Slashing . | . . . Piercing . | . . . Highest Corruption 5 | . . 5 Average Corruption 5 | . . 5 Corruption Purged . | . . . Corruption Blocked . | . . . Effects 2 | . . 2 Message Errors 1 | . . 1 Heat Flow Errors 1 | . . 1 Overload Shots . | . . . Overflow Damage . | . . . Projectiles . | . . . Explosions . | . . . Melee . | . . . Knockbacks . | . . . Impact . | . . . Kinetic . | . . . Secondary . | . . . Self-Inflicted Damage . | . . . Shots . | . . . Rammed . | . . . Targets Rammed 2 | . . 2 Kicked 2 | . . 2 Crushed . | . . . Highest Temperature 224 | . . 224 Average Temperature 84 | . . 84 Received Heat Transfer 263 | . . 263 Siege Activations . | . . . Martial Activations . | . . . Shielding Activations . | . . . Robots Disrupted . | . . . Combat Hostiles . | . . . Robots Corrupted . | . . . Combat Hostiles . | . . . Parts Fried . | . . . Impact Corruptions . | . . . Robots Melted 1 | . . 1 Combat Hostiles 1 | . . 1 Parts Melted . | . . . Heat Transferred 308 | . . 308 Parts Sabotaged . | . . . Parts Stolen . | . . . Parts Stripped . | . . . Power Chain Reactions . | . . . Alert | -11 -10 -10 ------- Run | Yrd Mat Min Maximum Alert Level . | . . . Low Security (%) 100 | 100 100 100 Level 1 . | . . . Level 2 . | . . . Level 3 . | . . . Level 4 . | . . . Level 5 . | . . . High Security . | . . . Max Security . | . . . Peak Influence 75 | 5 75 20 Initial 13 | . . 13 Average 15 | . 31 2 Influence Increases 129 | 5 104 20 Destroy 0b10 Robot/C 80 | . 60 20 Destroy 0b10 Robot/NC 5 | 5 . . Destroy Leader 10 | . 10 . Successful Hack 4 | . 4 . Disable Machine 15 | . 15 . Partial Spotted 15 | . 15 . Influence Decreases 129 | 5 70 54 Entered New Map 21 | . . 21 Time Decay 105 | 5 70 30 Lost Part 3 | . . 3 Squads Dispatched . | . . . Investigation . | . . . Extermination . | . . . Reinforcement . | . . . Assault . | . . . Garrison . | . . . Intercept . | . . . Searches Triggered . | . . . Construction Impeded . | . . . Haulers Reinforced . | . . . Active Scanning Responses . | . . . Cargo Convoy Interrupts . | . . . Stealth | -11 -10 -10 --------- Run | Yrd Mat Min Distress Signals . | . . . Communications Jammed . | . . . Distress Signals . | . . . Times Spotted 24 | . 6 18 Peak Tracking Total 13 | . 3 13 Tactical Retreats 2 | . . 2 Traps | -11 -10 -10 ------- Run | Yrd Mat Min Traps Triggered . | . . . Indirectly . | . . . Trap Hack Attempts . | . . . Triggered . | . . . Disarmed . | . . . Reprogrammed . | . . . Reused . | . . . Traps Extracted . | . . . Installed . | . . . Triggered . | . . . Machines | -11 -10 -10 ---------- Run | Yrd Mat Min Machines Disabled 1 | . 1 . Max in Single Turn 1 | . 1 . Machines Repaired . | . . . Machines Dismantled . | . . . Machines Sabotaged . | . . . Overloaded Fab Kills . | . . . Hacking | -11 -10 -10 --------- Run | Yrd Mat Min Machines Accessed 4 | . 4 . Terminals 3 | . 3 . Fabricators . | . . . Repair Stations . | . . . Recycling Units 1 | . 1 . Scanalyzers . | . . . Garrison Access . | . . . Total Hacks 10 | . 10 . Successful 4 | . 4 . Failed 6 | . 6 . Catastrophic . | . . . Database Lockouts . | . . . Manual 10 | . 10 . Terminals 9 | . 9 . Fabricators . | . . . Repair Stations . | . . . Recycling Units 1 | . 1 . Scanalyzers . | . . . Garrison Access . | . . . Terminal Hacks . | . . . Fabricator Hacks . | . . . Repair Station Hacks . | . . . Recycling Unit Hacks . | . . . Scanalyzer . | . . . Garrison Access Hacks . | . . . Unauthorized Hacks 4 | . 4 . Terminals 3 | . 3 . Botnet 3 | . 3 . Fabricators . | . . . Repair Stations . | . . . Recycling Units 1 | . 1 . Monitor 1 | . 1 . Scanalyzers . | . . . Garrison Access . | . . . Data Cores Recovered . | . . . Used . | . . . Hacking Detections 3 | . 3 . Full Trace Events . | . . . Feedback Events . | . . . Feedback Blocked . | . . . Robot Schematics Acquired . | . . . Robots Built . | . . . Authchips . | . . . Time . | . . . Total Robot Build Rating . | . . . Part Schematics Acquired . | . . . Parts Built . | . . . Authchips . | . . . Time . | . . . Total Part Build Rating . | . . . Part Studies Acquired . | . . . Parts Repaired . | . . . Time . | . . . Parts Recycled . | . . . Recycled Matter . | . . . Retrieved Matter . | . . . Retrieved Components . | . . . Parts Scanalyzed . | . . . Part Schematics Acquired . | . . . Parts Damaged . | . . . Bothacking | -11 -10 -10 ------------ Run | Yrd Mat Min Used RIF Installer . | . . . Robots Hacked . | . . . Non-combat . | . . . Combat . | . . . Robot Hacks Applied . | . . . Relay Couplers Released . | . . . Fabnet Peak Effective % . | . . . Robots Rewired . | . . . Allies Hacked . | . . . Hacks Repelled . | . . . Allies | -11 -10 -10 -------- Run | Yrd Mat Min Total Allies . | . . . Largest Group . | . . . Highest-Rated Group . | . . . Highest-Rated Ally . | . . . Total Orders . | . . . Ally Attacks . | . . . Total Damage . | . . . Kills . | . . . Allies Corrupted . | . . . Allies Melted . | . . . Intel | -11 -10 -10 ------- Run | Yrd Mat Min Active Infowar (turns) 471 | 26 239 206 Seismic 471 | 26 239 206 Robot Analysis Total . | . . . Derelict Logs Recovered 1 | . . 1 Drone Launches . | . . . Drone Recoveries . | . . . Exploration | -11 -10 -10 ------------- Run | Yrd Mat Min Turns Passed 539 | 68 239 232 Spaces Moved 644 | 47 363 234 Core 62 | 9 . 53 Treads . | . . . Legs 249 | 38 80 131 Wheels . | . . . Hover . | . . . Flight 333 | . 283 50 Fastest Speed 40 | 50 40 40 Average Speed 72 | 112 57 88 Slowest Speed 150 | 120 120 150 Overloaded Moves . | . . . Propulsion Burnouts . | . . . Robots Hopped 2 | . 2 . Potential Cave-ins . | . . . Cave-ins Triggered . | . . . Exploration Rate (%) 35 | 3 53 50 Regions Visited 2 Branch Regions 1 Pre-discovered Areas 2 | . . 2 Known Exits Taken . | . . . Unknown Exits Taken 2 | 1 1 . Scrap Searched . | . . . Spaces Dug . | . . . Terrain Destroyed . | . . . Melee . | . . . Projectile . | . . . AOE . | . . . Terrain Rammed . | . . . Walls Destroyed . | . . . Machines Disabled . | . . . Actions | -11 -10 -10 --------- Run | Yrd Mat Min Total 687 | 56 380 251 Wait 2 | 1 1 . Move 638 | 46 358 234 Hop 2 | . 2 . Pick Up 6 | 1 3 2 Fast Attach 11 | 7 1 3 Attach 3 | . 1 2 Detach 5 | . 4 1 Swap . | . . . Drop 4 | . 3 1 Fire 14 | 1 7 6 Melee . | . . . Ram . | . . . Kick 2 | . . 2 Crush . | . . . Escape Stasis . | . . . Rewire . | . . . Trap . | . . . Miscellaneous . | . . . Route ------- -11/Scrapyard -10/Materials -10/Mines History --------- Turn | Location | Event 20 | -11/Scrapyard | Discovered new exit (range 15) 69 | -11/Scrapyard | Entered Materials 210 | -10/Materials | Discovered new exit (range 16) 308 | -10/Materials | Entered Mines 313 | -10/Mines | A weapon hastily lodged in a ceiling crevice suddenly fell to the ground 321 | -10/Mines | Met a Derelict bent on vengeance 327 | -10/Mines | Joined a pair of Derelicts in attacking an 0b10 outpost 378 | -10/Mines | Build established: Mutant 383 | -10/Mines | Learned location of Mines (-8) 395 | -10/Mines | Learned location of Storage (-8) 411 | -10/Mines | Assembled infested the area 416 | -10/Mines | Assisted by a Guerilla fighting off Assembled 514 | -10/Mines | Released all parts (4) 516 | -10/Mines | Core integrity fell below 50% 531 | -10/Mines | Core integrity fell below 20% 540 | -10/Mines | Destroyed by as-51827 with Assembled Maul Last Messages --------------- group of Assembled to figure out where they're coming from, and they're closing on this area, come on!" 00421_ K-01 Serf collects debris. 00427_ 7Z-XUE(h): "I'll hold them off! Go on ahead or try to find another way!" 00428_ Kicked K-01 Serf out of the way. 00476_ Knocked back. 00486_ Targeting Computer destroyed. 00486_ System corrupted by crushing effect (+5). 00486_ Knocked back. 00511_ Critical hit (Burn: +80). 00513_ Carbon-fiber Leg destroyed. 00513_ Kicked as-12450. 00514_ Released Beam Cannon. 00514_ Released Lgt. Ion Engine. 00514_ Released Seismic Detector. 00514_ Released Aluminum Leg. 00515_ DN&N8>/QJUGBWZU%W3Q3JJY|F0SWUSSAH 00532_ System corrupted: Heat flow error (+249). Map ----- +----------------------------------------------------+ | ?????????????????????????????????????????# ##? # | | ?????????????????????????????????????????# ## | | ????????????????????????????????????????## | | ???????????????????????????????????????## | | ?????????????????????????????????????### | | ????????????????????????????????????# | | ????????????????????????????????????# ## ## | | ????????????????????????????????????#??## ##?# | | ????????????????????????????????????????### ##??# | | ??????????????????????????????????????????####???# | | ???????????????????????????????????????????????### | | ????????????????????????????????????????????#### | | ???????????????????????????????????????????## | | ???????????????????????????????????????????# | | ???????????????????????????????????????????## | | ????????????????????????????????????????????#### | | ???????????????????????????????????????????????## | | ???????????????????????????????????????????????## | | ??????????????????????????????????????????????## | | ?????????????????????????????????####????????## | | ??????????????????????#####?????# ##?????### | | ?????????????????????## ##???# #????## | | ?????????????????????# #??? #????# | | ????????????????????## ##?# #????# | | ????????????????##### ## #????## "" | | ???????????????## @ <#??????## "" | | ???????????????# a #?????????## "" | | ???????????????# a ##??????????## | | ??????????????# #??????????##### | | ?????????????# *%! a a #?????????## ## | | ????????????# #### a ########### | | ????????????# #???# =a # ### ## | | ????????????### #????# %# ###?# ### # | | ??????????????####?????# ## #???# """ ### #### | | ???????????????????????# ## ##### """ #??? | | ??????????????????????? ## a """ #??? | | ??????????????????????###### #####??? | | ???????????????????????????######## #??????? | | ??????????????????????????????????#########??????? | | ?????????????????????????????????????????????????? | | ?????????????????????????????????????????????????? | | | | | | | | | | | | | | | | | | | +----------------------------------------------------+ Best States ------------- Heat Dissipation 25 Energy Generation 10 Energy Capacity 125 Matter Stores 300 Matter Capacity 300 Sight Range 16 Terrain Scan Density 10 Evasion (%) 62 Targeting Accuracy 5 Item Schematics ----------------- None Robot Schematics ------------------ None Fabricated ------------ Nothing Repaired ---------- Nothing Studied --------- None Alien Tech Used ----------------- None Achievements -------------- There's More Where That Came From Challenges ------------ None Game ------ Seed SlugTrapNanovents Manual? 0 Play Time 00:14:14 Cumulative 85.5 hours Start 2025.10.22 @ 19:21:21 End 2025.10.22 @ 19:33:41 Sessions 1 Manual Loads 0 Difficulty Rogue Special Mode None Game No. 83 Rogue 83 Adventurer 0 Explorer 0 Win Type - Total 0 Types 0/0/0/0/0/0/0/0/0/0 Lore% 15 Gallery% 32 Achievement% 20 Wizard Run 0 Options --------- Layout 1 ASCII 1 Keyboard 1 Movement Vi Keybinds 1 Fullscreen 1 Font 32/SmallcapsGlow Map View 50x35 Zoom Use 0% Tactical HUD 1 Map Filters NONE Filters NONE Steam 1 RUN: fcc98b64-d81e-448a-bb27-394d80c071ee